 Dungeon Crawl Stone Soup version 0.30.1-4-g462c640d31 (webtiles) character file.

Game seed: 1877067099097790825

45 Hetzau the Trooper (level 3, -4/40 HPs)
             Began as an Ogre Fighter on Sept 18, 2023.
             Slain by a gnoll
             ... wielding a +0 flail
              (12 damage)
             ... on level 2 of the Dungeon.
             The game lasted 00:09:26 (836 turns).

Hetzau the Trooper (Ogre Fighter)                    Turns: 836, Time: 00:09:26

Health: -4/40      AC:  3    Str: 22    XL:     3   Next: 64%
Magic:  3/3        EV:  8    Int:  9    God:
Gold:   56         SH:  7    Dex:  8    Spells: 2/2 levels left

rFire   . . .        a - +0 trident
rCold   . . .        c - +0 kite shield
rNeg    . . .        b - +0 robe
rPois   .            (helmet restricted)
rElec   .            (no cloak)
rCorr   .            (gloves unavailable)
SInv    .            (boots unavailable)
Will    .....        k - amulet of the acrobat
Stlth   +            g - +4 ring of slaying
HPRegen 0.26/turn    p - ring of flight
MPRegen 0.08/turn

%: acrobat
@: flying
A: large, unfitting armour, tough skin 1
a: no special abilities


You were on level 2 of the Dungeon.
You visited 1 branch of the dungeon, and saw 2 of its levels.

You collected 56 gold pieces.

Inventory:

Hand Weapons
 a - a +0 trident (weapon)
 j - a +0 short sword of draining
Armour
 b - a +0 robe (worn)
 c - a +0 kite shield (worn)
Magical Staves
 o - a staff of fire
 q - a staff of earth
Jewellery
 g - a +4 ring of slaying (left hand)
 k - an amulet of the acrobat (around neck)
 m - an amulet of magic regeneration
 p - a ring of flight (right hand)
Scrolls
 e - a scroll of vulnerability {unknown}
 f - a scroll of identify {unknown}
 n - a scroll of acquirement {unknown}
Potions
 d - a potion of might
 h - a potion of curing {unknown}
 i - a potion of magic {unknown}
 l - a potion of brilliance {unknown}


   Skills:
 * Level 4.6 Fighting
 * Level 2.8 Polearms
 - Level 0.4 Armour
 - Level 2.6 Dodging
 + Level 3.3 Shields


You had 2 spell levels left.
You didn't know any spells.
Your spell library contained the following spells:

 Spells                   Type           Power      Damage    Failure   Level
 Freeze                   Ice            0%         1d3       67%         1
 Shock                    Conj/Air       0%         1d3       67%         1
 Frozen Ramparts          Ice            0%         1d1       95%         3
 Hailstorm                Conj/Ice       0%         3d3       95%         3
 Swiftness                Air            0%         N/A       95%         3
 Airstrike                Air            0%         2d(0-16)  100%        4


Dungeon Overview and Level Annotations

Branches:
Dungeon (2/15)

Altars:


Innate Abilities, Weirdness & Mutations

You are too large for most types of armour.
You have tough skin. (AC +1)


Message History

An adder comes into view.
Found a short sword.
You miss the adder. You block the adder's attack.
The gnoll hits you from afar with a +0 spear.
A gnoll comes into view. It is wielding a +0 flail.
The adder bites you.
You puncture the adder!
The adder is heavily wounded.
You block the adder's attack. The gnoll barely misses you.
You barely miss the adder.
The adder is heavily wounded.
You block the adder's attack.
A gnoll comes into view. It is wielding a +0 flail.
The gnoll barely misses you. The adder bites you.
You closely miss the adder.
The adder is heavily wounded.
You block the gnoll's attack. You block the adder's attack.
The gnoll hits you from afar with a +0 spear.
You block the adder's attack.
You barely miss the adder.
The adder is heavily wounded.
The adder bites you but does no damage. You block the gnoll's attack.
The adder barely misses you.
You hit the adder.
The adder is almost dead.
The gnoll hits you from afar with a +0 spear.
The adder bites you.
You closely miss the adder.
The adder is almost dead.
The adder barely misses you. The gnoll hits you with a +0 flail.
You block the gnoll's attack. The adder bites you. The gnoll barely misses you.
The gnoll hits you with a +0 flail.
* * * LOW HITPOINT WARNING * * *
The adder attacks as you move away! The adder bites you.
* * * LOW HITPOINT WARNING * * *
The adder barely misses you.
You puncture the adder!
You kill the adder!
You closely miss the gnoll. The gnoll hits you with a +0 flail!
You die...

.##......#
........# #....:.#
#......# #......#
#.g## ##g.# ##g##
## #.@# #.
##.####### .
#.#.....# .#
#.#.###.#####.#
#..)##........
##......###.######
#......†.........
#.###..#...######
#.# #..#.###


You could see 3 gnolls.

Vanquished Creatures
  An adder (D:2)
  2 dart slugs
  7 ball pythons
  5 endoplasms
  3 hobgoblins (D:1)
  4 jackals (D:1)
  2 bats (D:2)
  4 kobolds (D:1)
  3 rats
31 creatures vanquished.

Notes
Turn   | Place    | Note
-------+----------+-------------------------------------------
     0 | D:1      | Hetzau the Ogre Fighter began the quest for the Orb.
     0 | D:1      | Reached XP level 1. HP: 24/24 MP: 1/1
   121 | D:1      | Reached XP level 2. HP: 25/32 MP: 2/2
   437 | D:1      | Reached XP level 3. HP: 40/40 MP: 3/3
   836 | D:2      | Slain by a gnoll

Illustrated notes

Levels and vault maps discovered:
D:1:      dpeg_chamrin_arrival_tetris, layout_basic
D:2:      layout_basic

Action                     || total
---------------------------++-------
  Melee: Trident           ||    72
 Armour: Robe              ||     8
  Dodge: Dodged            ||    33
  Block: Kite shield       ||    22
